 Dungeon Crawl Stone Soup version 0.20.1-1-g8b1a95d (webtiles) character file.

37 MasterBenM the Magician (level 3, 0/19 HPs)
             Began as a Tengu Wizard on Sept 11, 2017.
             Succumbed to an adder's poison
             ... on level 2 of the Dungeon.
             The game lasted 00:17:40 (1399 turns).

MasterBenM the Magician (Tengu Wizard)              Turns: 1399, Time: 00:17:41

Health: 0/19       AC:  2    Str:  7    XL:     3   Next: 41%
Magic:  1/9        EV: 13    Int: 19    God:
Gold:   47         SH:  0    Dex: 12    Spells: 2/9 levels left

rFire    . . .     SeeInvis .   j - +0 hand axe
rCold    . . .     Gourm    .   (no shield)
rNeg     . . .     Faith    .   a - +0 robe
rPois    +         Spirit   .   b - +0 hat
rElec    .         Reflect  .   (no cloak)
rCorr    .         Harm     .   (no gloves)
MR       .....                  (boots unavailable)
Stlth    ++........             (no amulet)
Regen    0.1/turn               i - ring of poison resistance
MPRegen  0.2/turn               (no ring)

@: lethally poisoned (0 -> -4), very slightly contaminated
A: beak, talons 3
a: no special abilities


You were on level 2 of the Dungeon.
You were not hungry.

You visited 1 branch of the dungeon, and saw 2 of its levels.

You collected 47 gold pieces.

Inventory:

Hand Weapons
 j - a +0 hand axe (weapon)
 k - a +0 club
 m - a -2 dagger
Missiles
 l - 10 stones (quivered)
Armour
 a - a +0 robe (worn)
 b - a +0 hat (worn)
 d - a +0 ring mail
 e - a +0 chain mail
 f - a +0 scale mail
 g - a +0 ring mail
 h - a +0 robe
Jewellery
 i - a ring of poison resistance (left hand)
Books
 c - a book of Minor Magic

   Spells                             Type                      Level
   a - Magic Dart                     Conjuration                  1
   b - Blink                          Translocation                2
   c - Call Imp                       Summoning                    2
   d - Slow                           Hexes                        2
   e - Conjure Flame                  Conjuration/Fire             3
   f - Mephitic Cloud                 Conjuration/Poison/Air       3


   Skills:
 + Level 0.2 Fighting
 + Level 0.2 Axes
 + Level 2.8 Dodging
 + Level 2.2 Stealth
 + Level 3.5 Spellcasting
 + Level 1.7 Conjurations
 + Level 1.5 Summonings
 + Level 0.7 Translocations


You had 2 spell levels left.
You knew the following spells:

 Your Spells              Type           Power        Failure   Level  Hunger
a - Magic Dart            Conj           #...         7%          1    None
b - Call Imp              Summ           #.......     12%         2    ##.....
c - Blink                 Tloc           N/A          16%         2    ##.....
d - Slow                  Hex            #.......     22%         2    ##.....


Dungeon Overview and Level Annotations

Branches:
Dungeon (2/15)

Altars:


Innate Abilities, Weirdness & Mutations

You have a beak for a mouth.
You have claws for feet.


Message History

The adder is heavily wounded.
The adder bites you.
You are lethally poisoned!
The adder poisons you!
Your shadow imp barely misses the adder.
The adder bites you.
* * * LOW HITPOINT WARNING * * *
You aren't carrying any potions.
Unknown command.
Unknown command.
* * * LOW HITPOINT WARNING * * *
You feel sick.
Your shadow imp hits the adder.
* * * LOW HITPOINT WARNING * * *
You feel sick. The adder closely misses you.
Your shadow imp gestures at the adder.
The adder writhes in agony!
The adder dies!
* * * LOW HITPOINT WARNING * * *
You feel sick.
You die...

....#.###.###.#
#.# #. #.# #.#
. . #.# #.# ##
#.###.##
#.##...###.#
###.#.#......#
.........###.#
#######5####.#
.........@...#
#######.####.#
#.# #.# #.# #.#
#.# #.# #..


You could see a friendly shadow imp.

Vanquished Creatures
  An ooze (D:1)
  2 dart slugs (D:1)
  A leopard gecko (D:1)
  2 bats (D:1)
  A giant cockroach (D:1)
  2 goblins (D:1)
  2 hobgoblins
  A kobold (D:1)
  2 ball pythons (D:1)
  A frilled lizard (D:1)
  3 rats (D:1)
18 creatures vanquished.

Vanquished Creatures (collateral kills)
  An adder (D:2)
  An ooze (D:1)
  A giant cockroach (D:1)
3 creatures vanquished.

Grand Total: 21 creatures vanquished

Notes
Turn   | Place    | Note
-------+----------+-------------------------------------------
     0 | D:1      | MasterBenM the Tengu Wizard began the quest for the Orb.
     0 | D:1      | Reached XP level 1. HP: 10/10 MP: 5/5
   263 | D:1      | Reached XP level 2. HP: 14/15 MP: 0/7
   346 | D:1      | Learned a level 2 spell: Call Imp
   349 | D:1      | Learned a level 2 spell: Blink
   352 | D:1      | Learned a level 2 spell: Slow
   753 | D:1      | Reached XP level 3. HP: 16/19 MP: 0/9
  1399 | D:2      | Succumbed to an adder's poison

Action                   || total
-------------------------++-------
Melee: Unarmed           ||     3
       Kick              ||     3
       Peck              ||     1
       Hand axe          ||    10
 Cast: Magic Dart        ||    41
       Blink             ||     5
       Call Imp          ||     5
       Slow              ||     1
  Use: Scroll            ||     6
  Eat: Bread ration      ||     1
Armor: Robe              ||     1
Dodge: Dodged            ||    13
